 Dungeon Crawl Stone Soup version 0.29-a0-2-g12fcac58f8 (webtiles) character file.

Game seed: 18338535337429577901

145 mcsnuffy the Cutter (level 5, 0/38 HPs)
             Began as a Demonspawn Gladiator on Jan 26, 2022.
             Slain by a gnoll sergeant (10 damage)
             ... on level 3 of the Dungeon.
             The game lasted 00:06:21 (3074 turns).

mcsnuffy the Cutter (Demonspawn Gladiator)          Turns: 3074, Time: 00:06:21

Health: 0/38       AC:  5    Str: 17    XL:     5   Next: 6%
Magic:  5/5        EV: 16    Int:  9    God:
Gold:   74         SH:  0    Dex: 14    Spells: 4/4 levels left

rFire   . . .      SeeInvis .   a - +0 rapier
rCold   . . .      Faith    .   (no shield)
rNeg    . . .      Spirit   .   b - +0 leather armour
rPois   .          Reflect  .   c - +0 helmet
rElec   .          Harm     .   (no cloak)
rCorr   .          Rampage  .   (no gloves)
Will    .....                   v - +0 pair of boots
Stlth   +.........              (no amulet)
HPRegen 0.12/turn               E - +4 ring of evasion
MPRegen 0.09/turn               (no ring)

@: no status effects
A: weakness stinger 2
a: no special abilities


You were on level 3 of the Dungeon.
You visited 1 branch of the dungeon, and saw 3 of its levels.

You collected 74 gold pieces.


Innate Abilities, Weirdness & Mutations

You have a tail ending in a sharp stinger.


   Skills:
 - Level 2.0 Fighting
 - Level 4.1(4.5) Short Blades
 + Level 2.9(3.9) Long Blades
 - Level 1.7 Throwing
 - Level 2.6 Dodging
 + Level 0.6 Evocations


You had 4 spell levels left.
You didn't know any spells.
Your spell library contained the following spells:

 Spells                   Type           Power      Damage    Failure   Level
 Gell's Gravitas          Tloc           0%         N/A       83%         3
 Teleport Other           Tloc           0%         N/A       83%         3
 Dispersal                Tloc           0%         N/A       100%        6

Inventory:

Hand Weapons
 a - a +0 rapier (weapon)
 h - a +0 triple sword
Missiles
 d - 2 throwing nets (quivered) {=f}
 e - 65 stones
Armour
 b - a +0 leather armour (worn)
 c - a +0 helmet (worn)
 v - a +0 pair of boots (worn)
Jewellery
 E - a +4 ring of evasion (left hand)
Wands
 o - a wand of digging (8)
 s - a wand of acid (7)
Scrolls
 f - a scroll of enchant armour {unknown}
 g - 2 scrolls of fear {unknown}
 i - a scroll of amnesia {unknown}
 m - a scroll of immolation {unknown}
 n - 2 scrolls of fog {unknown}
 p - a scroll of teleportation {unknown}
 q - a scroll of holy word {unknown}
 t - a scroll of vulnerability {unknown}
Potions
 j - 2 potions of lignification
 k - a potion of curing {@q1}
 l - a potion of attraction
 r - a potion of mutation {unknown}
 u - a potion of flight {unknown}

Dungeon Overview and Level Annotations

Branches:
Dungeon (3/15)

Altars:
Wu Jian

....<.......................## ##
..###...#####...........##.#.###.
......#.# #####...######.##.#..
#####...# #...# #....... ## ##.##
#...# ####..## .# #.# #...#
#.....# .# #.######## ##.##
#.###.# .#####........####.####
#.# #.# ........#####.#.@.....#
#.###.# .######)#####.#.##.##.#
#...... .#
#^##....#g##.##.########### .#
#.##.##.gg.........##### ##
#.##.##.#.##....##.....#
#.....).#.##.##.######.#
#......รท#.>.....# #.#
#.......####.#### #.#
#.......####.#### ##.#


You could see a gnoll sergeant and 2 gnolls.


Message History

The gnoll sergeant closely misses you.
You barely miss the gnoll sergeant. You hit the gnoll sergeant.
The gnoll sergeant is lightly wounded.
The gnoll sergeant hits you with a +0 trident.
You hit the gnoll sergeant.
The gnoll sergeant is moderately wounded.
The gnoll sergeant closely misses you.
You hit the gnoll sergeant but do no damage.
The gnoll sergeant is moderately wounded.
The gnoll sergeant hits you with a +0 trident.
You closely miss the gnoll sergeant.
The gnoll sergeant is moderately wounded.
The gnoll sergeant completely misses you.
You hit the gnoll sergeant.
You tail-slap the gnoll sergeant, but do no damage.
Your punch misses the gnoll sergeant.
The gnoll sergeant is moderately wounded.
The gnoll sergeant hits you with a +0 trident.
You hit the gnoll sergeant.
The gnoll sergeant is heavily wounded.
The gnoll sergeant hits you but does no damage.
You hit the gnoll sergeant but do no damage.
You punch the gnoll sergeant, but do no damage.
The gnoll sergeant is heavily wounded.
The gnoll sergeant hits you with a +0 trident!
* * * LOW HITPOINT WARNING * * *
Unknown command.
The gnoll sergeant hits you from afar with a +0 trident!
You die...

Skill      XL: |  1  2  3  4 |
---------------+-------------+-----
Short Blades   | 3 4 |  4.1
Long Blades    | 1 2 |  2.9
Fighting       | |  2.0
Throwing       | |  1.7
Dodging        | |  2.6
Evocations     | |  0.6

Action                   |  1- 3 |  4- 6 || total
-------------------------+-------+-------++-------
Melee: Rapier            |   131 |    77 ||   208
       Tailslap          |    17 |    12 ||    29
       Punch             |     2 |     2 ||     4
Throw: Stone             |     6 |     5 ||    11
       Throwing net      |       |     1 ||     1
  Use: Scroll            |       |     3 ||     3
 Stab: Sleeping          |     2 |     1 ||     3
       Held in net/web   |       |     1 ||     1
Armor: Leather armour    |    41 |    16 ||    57
Dodge: Dodged            |    69 |    50 ||   119

Levels and vault maps discovered:
D:1:      minmay_arrival_jagged, layout_rooms
D:2:      layout_rooms, basic_altar, kennysheep_generic_room_15
D:3:      layout_loops_cross, minmay_misc_feat_tiny, grunt_ministairs_1,
          uniq_ijyb

Notes
Turn   | Place    | Note
-------+----------+-------------------------------------------
     0 | D:1      | mcsnuffy the Demonspawn Gladiator began the quest for the
                  | Orb.
     0 | D:1      | Reached XP level 1. HP: 16/16 MP: 1/1
   206 | D:1      | Reached skill level 3 in Short Blades
   468 | D:1      | Gained mutation: You have a small tail. [demonic ancestry]
   468 | D:1      | Reached XP level 2. HP: 22/22 MP: 2/2
   753 | D:1      | Reached XP level 3. HP: 27/27 MP: 3/3
   890 | D:1      | Reached skill level 4 in Short Blades
  1445 | D:2      | Reached skill level 1 in Long Blades
  1619 | D:2      | Reached XP level 4. HP: 33/33 MP: 4/4
  1691 | D:2      | Found an ornate altar of the Wu Jian Council.
  1852 | D:3      | Reached skill level 2 in Long Blades
  2010 | D:3      | Noticed a gnoll sergeant
  2231 | D:3      | Noticed Ijyb
  2239 | D:3      | Killed Ijyb
  2845 | D:3      | Gained mutation: You have a tail ending in a sharp stinger.
                  | [demonic ancestry]
  2845 | D:3      | Reached XP level 5. HP: 36/38 MP: 5/5
  3074 | D:3      | Slain by a gnoll sergeant

Vanquished Creatures
  Ijyb (D:3)
  3 adders
  A white imp (D:3)
  2 worms (D:2)
  3 dart slugs
  An orc (D:2)
  7 endoplasms
  3 giant cockroaches
  8 goblins
  6 hobgoblins
  6 jackals
  4 ball pythons
  8 bats
  3 frilled lizards
  8 kobolds
  10 rats
74 creatures vanquished.

Table legend: (Time is in decaauts)
 A = Elapsed time spent in this place.
 B = Non-inter-level travel time spent in this place.
 C = Inter-level travel time spent in this place.
 D = Time resting spent in this place.
 E = Time spent auto-exploring this place.
 F = Levels seen in this place.
 G = Mean time per level.
                   A        B        C        D        E       F      G
               +--------+--------+--------+--------+--------+-----+--------+
         Total |   3075 |   3026 |     49 |    961 |   1416 |   3 | 1025.0 |
       Dungeon |   3075 |   3026 |     49 |    961 |   1416 |   3 | 1025.0 |
               +--------+--------+--------+--------+--------+-----+--------+

Top non-repeatable levels by time:
     D:3: 1266 daAuts
     D:1: 1145 daAuts
     D:2: 662 daAuts

Table legend:
 A = Non-vault XP
 B = Vault XP
 C = Vault XP percentage of total XP
 D = Non-vault monster count
 E = Vault monster count
 F = Vault count percentage of total count
                 A         B        C        D         E       F
            +---------+---------+-------+---------+---------+-------
      Total |     168 |      40 |  19.2 |      71 |       3 |   4.1
            +---------+---------+-------+---------+---------+-------
        D:1 |      58 |       0 |   0.0 |      36 |       0 |   0.0
        D:2 |      58 |       2 |   3.3 |      17 |       1 |   5.6
        D:3 |      52 |      38 |  42.2 |      18 |       2 |  10.0
            +---------+---------+-------+---------+---------+-------
